 Dungeon Crawl Stone Soup version 0.30-a0-439-g9e77e4d916 (webtiles) character file.

Game seed: 4004826265772467278

12509 gelatine the Thaumaturge (level 11, -12/74 HPs)
             Began as a Demonspawn Venom Mage on Dec 10, 2022.
             Was a High Priest of Vehumet.
             Mangled by a slime creature (14 damage)
             ... on level 10 of the Dungeon.
             The game lasted 01:00:39 (15395 turns).

gelatine the Thaumaturge (Demonspawn Venom Mage)   Turns: 15395, Time: 01:00:41

Health: -12/74     AC:  8    Str:  8    XL:     11   Next: 63%
Magic:  14/25      EV: 13    Int: 22    God:    Vehumet [*****.]
Gold:   810        SH:  5    Dex: 19    Spells: 8/30 levels left

rFire   . . .      SeeInvis +    G - +4 quarterstaff (chaos)
rCold   . . .      Faith    .    (shield currently unavailable)
rNeg    . . .      Spirit   .    e - +0 troll leather armour
rPois   .          Reflect  +    (no helmet)
rElec   .          Harm     .    H - +1 cloak
rCorr   .          Rampage  .    (gloves unavailable)
Will    .....                    (no boots)
Stlth   +++.......               K - amulet of reflection
HPRegen 1.12/turn                J - ring of see invisible
MPRegen 0.19/turn                c - +6 ring of dexterity

@: unable to read
A: icy blue scales 1, spiny 2, demonic magic 1, demonic touch 3, mutation
resistance 1, inability to read after injury 1, MP-powered wands
a: Renounce Religion


You were on level 10 of the Dungeon.
You worshipped Vehumet.
Vehumet was extremely pleased with you.
You visited 2 branches of the dungeon, and saw 11 of its levels.
You also visited: Sewer, Ossuary and Bailey.

You collected 810 gold pieces.

Inventory:

Hand Weapons
 C - a +5 war axe of draining
 G - a +4 quarterstaff of chaos (weapon)
 P - a +2 dagger of electrocution
Missiles
 I - 5 boomerangs
 M - a throwing net
 O - 3 curare-tipped darts
Armour
 e - a +0 troll leather armour (worn)
 H - a +1 cloak (worn)
 L - a +1 leather armour of cold resistance
 N - a +0 buckler
Magical Staves
 f - a staff of earth
Jewellery
 c - a +6 ring of dexterity (right hand)
 J - a ring of see invisible (left hand)
 K - an amulet of reflection (around neck)
Wands
 a - a wand of charming (8)
 y - a wand of quicksilver (5)
 E - a wand of iceblast (21)
 F - a wand of flame (26)
Scrolls
 g - 2 scrolls of amnesia
 i - a scroll of acquirement {unknown}
 l - 2 scrolls of magic mapping
 m - a scroll of summoning {unknown}
 r - a scroll of enchant armour
 w - 3 scrolls of butterflies
 x - 5 scrolls of teleportation
 z - a scroll of poison
 B - a scroll of identify
Potions
 b - 4 potions of magic
 d - a potion of flight
 h - 3 potions of berserk rage
 j - 5 potions of heal wounds
 k - 3 potions of attraction
 n - 5 potions of lignification
 o - 4 potions of brilliance
 p - 4 potions of invisibility {unknown}
 q - 3 potions of ambrosia {unknown}
 s - 4 potions of curing
 t - a potion of experience
 u - 5 potions of haste
 v - 3 potions of resistance {unknown}
 D - 4 potions of might {unknown}
Miscellaneous
 A - a phial of floods


   Skills:
 + Level 2.7 Fighting
 + Level 2.1 Short Blades
 + Level 3.6 Staves
 + Level 2.2 Armour
 + Level 3.8 Dodging
 + Level 6.3 Stealth
 + Level 0.4 Shields
 + Level 1.5 Unarmed Combat
 + Level 10.4 Spellcasting
 + Level 3.0 Conjurations
 + Level 2.8 Hexes
 + Level 4.0 Transmutations
 + Level 3.2 Fire Magic
 + Level 1.1 Air Magic
 + Level 9.2 Poison Magic


You had 8 spell levels left.
You knew the following spells:

 Your Spells              Type           Power      Damage    Failure   Level
a - Sting                 Tmut/Pois      100%       1d8       1%          1
b - Poisonous Vapours     Pois/Air       68%        N/A       1%          2
c - Mephitic Cloud        Conj/Pois/Air  31%        N/A       1%          3
d - Foxfire               Conj/Fire      100%       2x1d9     1%          1
e - Olgreb's Toxic Radia  Pois           51%        N/A       1%          4
f - Inner Flame           Hex/Fire       24%        N/A       1%          3
g - Dazzling Flash        Conj/Hex       48%        N/A       2%          3
h - Iskenderun's Battles  Conj           24%        2d8       17%         5

Your spell library contained the following spells:

 Spells                   Type           Power      Damage    Failure   Level
 Iron Shot                Conj/Erth      9%         9d3       82%         6
 Beastly Appendage        Tmut           58%        N/A       1%          1
 Spider Form              Tmut/Pois      40%        N/A       1%          3
 Wereblood                Tmut           29%        N/A       2%          2
 Hailstorm                Conj/Ice       18%        3d6       3%          3
 Necrotise                Necr           44%        1d6       9%          1
 Blink                    Tloc           22%        N/A       12%         2
 Sublimation of Blood     Necr           11%        N/A       12%         2
 Irradiate                Conj/Tmut      13%        3d16      14%         5
 Gell's Gravitas          Tloc           11%        N/A       24%         3
 Ice Form                 Ice/Tmut       20%        N/A       34%         4
 Blade Hands              Tmut           14%        N/A       38%         5
 Manifold Assault         Tloc           11%        N/A       63%         4
 Agony                    Necr           11%        N/A       92%         5
 Dispersal                Tloc           5%         N/A       100%        6
 Dragon Form              Tmut           14%        N/A       100%        7
 Storm Form               Tmut/Air       11%        N/A       100%        7
 Summon Hydra             Summ           5%         N/A       100%        7


Dungeon Overview and Level Annotations

Branches:
Dungeon (10/15)            Temple (1/1) D:6             Orc (0/2) D:9
  Sewer (visited)         Ossuary (visited)          Bailey (visited)
   Lair: D:8-11

Altars:
Ashenzari
Cheibriados
Dithmenos
Fedhas
Gozag
Hepliaklqana
Kikubaaqudgha
Makhleb
Nemelex Xobeh
Okawaru
Qazlal
Ru
Sif Muna
Trog
Uskayaw
Vehumet
Wu Jian
Xom
Yredelemnul

Shops:
D:6 *


Innate Abilities, Weirdness & Mutations

You are partially covered in icy blue scales. (AC +2)
You are mostly covered in sharp spines.
Spells you cast may paralyse adjacent enemies.
Your touch may irresistibly damage your foes and sap their willpower.
You are somewhat resistant to further mutation.
You occasionally lose the ability to read scrolls when taking damage.
You expend magic power (3 MP) to strengthen your wands.


Message History

The slime creature is struck by your spines.
The slime creature hits you!
Casting: Dazzling Flash (mildly dangerous; 2% risk of failure)
Confirm with . or Enter, or press ? or * to list all spells.
You begin to radiate toxic energy.
Malevolent energies surge around you.
The ogre mage looks even sicker.
The slime creature misses you.
The slime creature hits you but does no damage.
Unknown command.
Your unstable footing causes you to fumble your attack.
Your toxic aura wanes.
The ogre mage hits you with a +0 flail.
The slime creature closely misses you. x2
The slime creature attacks as you move away!
The slime creature is struck by your spines.
The slime creature hits you but does no damage.
The ogre mage attacks as you move away! The ogre mage is struck by your spines.
The ogre mage hits you with a +0 flail.
Two slime creatures merge to form a large slime creature.
Casting: Olgreb's Toxic Radiance (mildly dangerous; 1% risk of failure)
Confirm with . or Enter, or press ? or * to list all spells.
You conjure some foxfire!
Malevolent energies surge around you.
You hit the large slime creature. You freeze the large slime creature.
The large slime creature is moderately wounded.
The large slime creature is no longer unusually agile.
The foxfire hits the large slime creature.
The large slime creature is moderately wounded.
A large slime creature splits.
The slime creature hits you.
A shadow comes into view.
The foxfire hits the slime creature but does no damage.
The slime creature is moderately wounded.
The slime creature hits you!
You feel threatened and lose the ability to read scrolls!
* * * LOW HITPOINT WARNING * * *
The ogre mage casts a spell at you. The bolt of magma hits you!!
* * * LOW HITPOINT WARNING * * *
The tree burns like a torch!
The slime creature jiggles.
The slime creature is struck by your spines.
The slime creature hits you!
You die...

†##.....##..#.############....##.
###...))##..#.############....##.
.....##.##....................##.
####.##.###.########.#####..>.##.
#.............................
#..###################....#...
#..# #W....#♣♣.♣♣#....###.
♣§♣J#♣...♣#........
♣.@J.§....#........
#♣♣♣♣O#♣...♣#........
#.....#♣♣.♣♣#..>.....
###.###♣♣.♣♣#........ ♣♣.♣♣
♣...♣#........
#♣.†.♣#.♣♣♣.#......#. #.~~~.#.
♣.#.....)#. #♣.~.♣#.♣♣♣.#......#.
♣♣.♣♣ ♣...♣#......#.


You could see 2 slime creatures, an ogre mage (invisible, poisoned) and a shadow
(dormant).

Vanquished Creatures
  An orc warlord (Bailey)
  A two-headed ogre (D:8)
  An orc knight (Bailey)
  A salamander (shapeshifter) (D:10)
  A gargoyle (D:8)
  A kobold demonologist (D:10)
  3 unseen horrors (D:10)
  Grinder (D:5)
  A troll (D:8)
  Prince Ribbit (D:6)
  A hornet (D:7)
  Sigmund (D:4)
  14 yaks
  A wyvern (D:8)
  A steam dragon (D:9)
  Edmund (D:6)
  An acid dragon (D:8)
  A water moccasin (D:5)
  Pargi (Sewer)
  15 orc warriors
  4 black bears
  A sky beast (D:6)
  2 ogres
  4 centaurs
  A phantom (D:5)
  5 kobold brigands
  Blork the orc (D:4)
  12 scorpions
  3 bullfrogs
  A gnoll sergeant (D:9)
  3 howler monkeys
  A lava snake (D:7)
  2 centaur zombies (Ossuary)
  2 jellies
  2 orc priests
  Crazy Yiuf (D:4)
  2 gnoll boudas (D:4)
  8 hounds
  4 human zombies (Ossuary)
  Ijyb (D:4)
  5 iguanas
  4 orc wizards
  4 scorpion zombies (Ossuary)
  3 mummies (Ossuary)
  9 adders
  18 gnolls
  A white imp (D:5)
  A worm (D:5)
  A dart slug (D:1)
  37 orcs
  8 endoplasms
  5 giant cockroaches
  23 goblins
  20 hobgoblins
  6 jackals
  19 kobolds
  6 quokkas
  11 ball pythons
  4 bats
  12 frilled lizards
  2 goblin zombies (Ossuary)
  3 hobgoblin zombies (Ossuary)
  A kobold zombie (Ossuary)
  8 rats
320 creatures vanquished.

Vanquished Creatures (others)
  315 foxfires
  5 fungi (D:6)
320 creatures vanquished.

Grand Total: 640 creatures vanquished

Notes
Turn   | Place    | Note
-------+----------+-------------------------------------------
     0 | D:1      | gelatine the Demonspawn Venom Mage began the quest for the
                  | Orb.
     0 | D:1      | Reached XP level 1. HP: 13/13 MP: 3/3
   268 | D:1      | Reached skill level 1 in Transmutations
   268 | D:1      | Gained mutation: Your touch may inflict minor irresistible
                  | damage on your foes. [demonic ancestry]
   268 | D:1      | Reached XP level 2. HP: 15/19 MP: 0/5
   848 | D:1      | Found a faded altar of an unknown god.
   868 | D:1      | Prayed at the altar of an unknown god.
   868 | D:1      | Became a worshipper of Vehumet
   868 | D:1      | Reached * piety under Vehumet
   868 | D:1      | Offered knowledge of Shock by Vehumet.
  1116 | D:1      | Learned a level 2 spell: Poisonous Vapours
  1312 | D:2      | Gained mutation: Spells you cast may paralyse adjacent
                  | enemies. [demonic ancestry]
  1312 | D:2      | Reached XP level 3. HP: 24/24 MP: 4/6
  1454 | D:2      | Learned a level 3 spell: Mephitic Cloud
  2656 | D:3      | Offered knowledge of Foxfire by Vehumet.
  2792 | D:3      | Reached ** piety under Vehumet
  2911 | D:3      | Reached XP level 4. HP: 30/30 MP: 3/8
  2935 | D:3      | Reached skill level 3 in Spellcasting
  3936 | D:4      | Noticed Ijyb
  3951 | D:4      | Noticed Sigmund
  3955 | D:4      | Killed Ijyb
  4088 | D:4      | Noticed Blork the orc
  4092 | D:4      | Found a sand-covered staircase.
  4097 | Ossuary  | Entered an ossuary
  4100 | Ossuary  | Learned a level 1 spell: Foxfire
  4139 | Ossuary  | Reached XP level 5. HP: 6/35 MP: 4/9
  4389 | Ossuary  | Reached skill level 1 in Unarmed Combat
  4481 | Ossuary  | Reached XP level 6. HP: 24/42 MP: 0/11
  4486 | Ossuary  | Learned a level 4 spell: Olgreb's Toxic Radiance
  4590 | Ossuary  | Offered knowledge of Inner Flame by Vehumet.
  4663 | Ossuary  | Reached skill level 1 in Fire Magic
  4996 | Ossuary  | Reached skill level 1 in Conjurations
  5005 | Ossuary  | Reached skill level 4 in Spellcasting
  5005 | Ossuary  | Gained mutation: Your touch may inflict irresistible damage
                  | on your foes. [demonic ancestry]
  5005 | Ossuary  | Reached XP level 7. HP: 27/47 MP: 7/13
  5184 | Ossuary  | Reached *** piety under Vehumet
  5261 | Ossuary  | Reached skill level 1 in Short Blades
  5513 | Ossuary  | Reached skill level 1 in Fighting
  5766 | Ossuary  | Gained mutation: You are partially covered in icy blue
                  | scales. (AC +2) [demonic ancestry]
  5766 | Ossuary  | Reached XP level 8. HP: 54/54 MP: 7/15
  5906 | D:4      | Learned a level 3 spell: Inner Flame
  5939 | D:4      | Killed Blork the orc
  5940 | D:4      | Reached skill level 5 in Spellcasting
  6128 | D:4      | Offered knowledge of Dazzling Flash by Vehumet.
  6570 | D:4      | Killed Sigmund
  6571 | D:4      | Reached skill level 1 in Hexes
  6890 | D:4      | Found a runed translucent door.
  6891 | D:4      | Noticed Crazy Yiuf
  6896 | D:4      | Killed Crazy Yiuf
  7242 | D:5      | Entered Level 5 of the Dungeon
  7289 | D:5      | Reached skill level 5 in Poison Magic
  7666 | D:5      | Noticed Grinder
  7671 | D:5      | Paralysed by Grinder for 3 turns
  7674 | D:5      | Killed Grinder
  7675 | D:5      | Reached skill level 6 in Spellcasting
  7852 | D:5      | Learned a level 3 spell: Dazzling Flash
  8002 | D:5      | Gained mutation: You are partially covered in sharp spines.
                  | [demonic ancestry]
  8002 | D:5      | Reached XP level 9. HP: 36/59 MP: 3/18
  8011 | D:5      | Reached **** piety under Vehumet
  8243 | D:5      | Offered knowledge of Iskenderun's Battlesphere by Vehumet.
  8292 | D:5      | Got Sif Muna's Tractate on Quantum Necromancy
  8537 | D:5      | Found a hazy altar of Hepliaklqana.
  8543 | D:5      | Found a stormy altar of Qazlal.
  8677 | D:5      | Reached skill level 1 in Staves
  9149 | D:6      | Found Hekeog's Humungous Hoard.
  9162 | D:6      | Found a glowing drain.
  9196 | Sewer    | Entered a sewer
  9401 | Sewer    | Noticed Pargi
  9409 | Sewer    | Killed Pargi
  9410 | Sewer    | Reached skill level 7 in Spellcasting
  9608 | D:6      | Found a staircase to the Ecumenical Temple.
  9713 | Temple   | Entered the Ecumenical Temple
 10117 | D:6      | Noticed Edmund
 10128 | D:6      | Killed Edmund
 10475 | D:6      | Noticed Prince Ribbit
 10482 | D:6      | Killed Prince Ribbit
 10606 | D:6      | Learned a level 5 spell: Iskenderun's Battlesphere
 11327 | D:7      | Reached skill level 8 in Spellcasting
 11460 | D:7      | Gained mutation: Your touch may irresistibly damage your
                  | foes and sap their willpower. [demonic ancestry]
 11460 | D:7      | Reached XP level 10. HP: 34/67 MP: 10/22
 12204 | D:8      | Noticed a two-headed ogre
 12209 | D:8      | Killed a two-headed ogre
 12210 | D:8      | Reached skill level 1 in Armour
 12362 | D:8      | Gained mutation: You occasionally lose the ability to drink
                  | potions when taking damage. [potion of mutation]
 12362 | D:8      | Gained mutation: Your flesh is heat resistant. (rF+)
                  | [potion of mutation]
 12362 | D:8      | Gained mutation: Your flesh is very heat resistant. (rF++)
                  | [potion of mutation]
 12362 | D:8      | Gained mutation: Your system is resistant to poisons.
                  | (rPois) [potion of mutation]
 12363 | D:8      | Lost mutation: Your flesh is very heat resistant. (rF++)
                  | [potion of mutation]
 12363 | D:8      | Lost mutation: Your system is resistant to poisons. (rPois)
                  | [potion of mutation]
 12363 | D:8      | Gained mutation: Your muscles are strong. (Str +4, Int/Dex
                  | -1) [potion of mutation]
 12363 | D:8      | Gained mutation: You are robust. (+10% HP) [potion of
                  | mutation]
 12364 | D:8      | Lost mutation: Your flesh is heat resistant. (rF+) [potion
                  | of mutation]
 12364 | D:8      | Lost mutation: You are robust. (+10% HP) [potion of
                  | mutation]
 12364 | D:8      | Lost mutation: You occasionally lose the ability to drink
                  | potions when taking damage. [potion of mutation]
 12364 | D:8      | Gained mutation: Armour fits poorly on your strangely
                  | shaped body. [potion of mutation]
 12364 | D:8      | Gained mutation: You sometimes lose your temper in combat.
                  | [potion of mutation]
 12364 | D:8      | Gained mutation: Your movements are slightly less
                  | encumbered by armour. (ER -2) [potion of mutation]
 12365 | D:8      | Lost mutation: Armour fits poorly on your strangely shaped
                  | body. [potion of mutation]
 12365 | D:8      | Lost mutation: Your muscles are strong. (Str +4, Int/Dex
                  | -1) [potion of mutation]
 12365 | D:8      | Gained mutation: You expend magic power (3 MP) to
                  | strengthen your wands. [potion of mutation]
 12366 | D:8      | Lost mutation: You expend magic power (3 MP) to strengthen
                  | your wands. [potion of mutation]
 12366 | D:8      | Lost mutation: Your movements are slightly less encumbered
                  | by armour. (ER -2) [potion of mutation]
 12366 | D:8      | Gained mutation: Your flesh is cold resistant. (rC+)
                  | [potion of mutation]
 12366 | D:8      | Gained mutation: You occasionally lose the ability to read
                  | scrolls when taking damage. [potion of mutation]
 12366 | D:8      | Gained mutation: You expend magic power (3 MP) to
                  | strengthen your wands. [potion of mutation]
 12796 | D:8      | Noticed a gargoyle
 12807 | D:8      | Killed a gargoyle
 12808 | D:8      | Reached skill level 9 in Spellcasting
 12808 | D:8      | Reached skill level 1 in Air Magic
 13022 | D:8      | Lost mutation: You sometimes lose your temper in combat.
                  | [potion of mutation]
 13022 | D:8      | Lost mutation: Your flesh is cold resistant. (rC+) [potion
                  | of mutation]
 13022 | D:8      | Gained mutation: You are somewhat resistant to further
                  | mutation. [potion of mutation]
 13055 | D:8      | Reached ***** piety under Vehumet
 13055 | D:8      | Offered knowledge of Iron Shot by Vehumet.
 13056 | D:8      | Reached skill level 5 in Stealth
 13787 | D:9      | Found a flagged portal.
 13798 | Bailey   | Entered a bailey
 13870 | Bailey   | Gained mutation: You are mostly covered in sharp spines.
                  | [demonic ancestry]
 13870 | Bailey   | Reached XP level 11. HP: 62/72 MP: 16/24
 14006 | Bailey   | Noticed an orc knight
 14027 | Bailey   | Killed an orc knight
 14203 | Bailey   | Noticed an orc warlord
 14255 | Bailey   | Killed an orc warlord
 14256 | Bailey   | Reached skill level 10 in Spellcasting
 14412 | Bailey   | Got Biyssis's Treatise on Icy Reformation
 14733 | D:9      | Found a staircase to the Orcish Mines.
 14880 | D:10     | Entered Level 10 of the Dungeon
 15373 | D:10     | Noticed an ogre mage
 15395 | D:10     | HP: 2/74 [ogre mage/bolt of magma (21)]
 15395 | D:10     | Mangled by a slime creature

Illustrated notes

Levels and vault maps discovered:
D:1:      tekkud_arrival_beachfront_property, layout_loops_cross,
          ebering_ecumenical_altar_abandoned, minmay_crystal_room,
          palyth_stone_intersect
D:2:      layout_loops_corners
D:3:      layout_basic
D:4:      layout_loops_ring, nicolae_ossuary_entry_ruins, uniq_blork_the_orc,
          uniq_crazy_yiuf_cottage, uniq_sigmund, uniq_ijyb
D:5:      minmay_chambers_of_threes, layout_loops_ring,
          amethyst_overflow_temple_binary, uniq_grinder
D:6:      layout_basic, temple_green, gup_sewer_entry_glass,
          nicolae_alphabet_shops, dreamdust_gnoll_farm, uniq_edmund,
          uniq_prince_ribbit1
D:7:      layout_layer_cave, kennysheep_minor_cross, st_stairs_10,
          nicolae_eternal_life, grunt_decor_junction
D:8:      layout_layer_cave
D:9:      layout_cave_pools, david_orc_2, enter_bailey_5, grunt_decor_arrowhead
D:10:     nzn_winding_woodlands_medium [nzn_winding_woodlands_5x5_default,
          nzn_winding_woodlands_5x15_zeroes,
          nzn_winding_woodlands_5x5_checkerboard,
          nzn_winding_woodlands_5x5_three,
          nzn_winding_woodlands_center_triple_pond,
          nzn_winding_woodlands_hourglass,
          nzn_winding_woodlands_5x5_closed_star,
          nzn_winding_woodlands_5x15_crooked,
          nzn_winding_woodlands_5x5_perimeter], layout_basic, lightli_minifort
Temple:   mainiacjoe_temple_cubbyholes

Skill      XL: |  1  2  3  4  5  6  7  8  9 10 11 |
---------------+----------------------------------+-----
Transmutations | 1 2 3 4 |  4.0
Spellcasting   | 3 4 6 8 9 10 | 10.4
Poison Magic   | 4 5 6 8 9 |  9.2
Dodging        | 2 3 |  3.8
Stealth        | 2 3 4 5 6 |  6.3
Unarmed Combat | 1 |  1.5
Fire Magic     | 1 2 3 |  3.2
Conjurations   | 1 2 3 |  3.0
Short Blades   | 1 2 |  2.1
Fighting       | 1 2 |  2.7
Hexes          | 2 |  2.8
Staves         | 2 3 |  3.6
Armour         | 1 2 |  2.2
Air Magic      | 1 |  1.1
Shields        | |  0.4

Action                   |  1- 3 |  4- 6 |  7- 9 | 10-12 || total
-------------------------+-------+-------+-------+-------++-------
Melee: Unarmed           |    15 |    61 |       |       ||    76
       Dagger            |    12 |    23 |    30 |       ||    65
       Touch             |     3 |    19 |     6 |       ||    28
       Punch             |       |     3 |       |       ||     3
       Quarterstaff      |       |       |    57 |    97 ||   154
 Cast: Sting             |   101 |    37 |    74 |    50 ||   262
       Foxfire           |       |    82 |    64 |    28 ||   174
       Mephitic Cloud    |       |     1 |     5 |     4 ||    10
       Poisonous Vapours |       |     1 |       |       ||     1
       Olgreb's Toxic Ra |       |       |    56 |    61 ||   117
       Inner Flame       |       |       |    16 |     4 ||    20
       Dazzling Flash    |       |       |    16 |    17 ||    33
Evoke: Wand              |       |       |       |     1 ||     1
  Use: Scroll            |       |     3 |    20 |     2 ||    25
       Potion            |       |     1 |       |     9 ||    10
 Stab: Paralysed         |     6 |    15 |    13 |    22 ||    56
       Sleeping          |     1 |       |       |     1 ||     2
       Confused          |       |       |     1 |       ||     1
       Invisible         |       |       |       |     2 ||     2
Armor: Robe              |    10 |     9 |    22 |       ||    41
       Leather armour    |       |       |     7 |       ||     7
       Troll leather arm |       |       |       |    15 ||    15
Dodge: Dodged            |    38 |    51 |    61 |    68 ||   218
Block: Other             |       |       |     6 |    29 ||    35
       Reflection        |       |       |       |     6 ||     6

Table legend: (Time is in decaauts)
 A = Elapsed time spent in this place.
 B = Non-inter-level travel time spent in this place.
 C = Inter-level travel time spent in this place.
 D = Time resting spent in this place.
 E = Time spent auto-exploring this place.
 F = Levels seen in this place.
 G = Mean time per level.
                   A        B        C        D        E       F      G
               +--------+--------+--------+--------+--------+-----+--------+
         Total |  15463 |  14845 |    618 |     80 |  12216 |  14 | 1104.5 |
       Dungeon |  12263 |  11700 |    563 |      0 |   9899 |  10 | 1226.3 |
        Temple |    345 |    290 |     55 |      0 |    286 |   1 |  345.0 |
         Sewer |    379 |    379 |      0 |      0 |    324 |   1 |  379.0 |
       Ossuary |   1800 |   1800 |      0 |     80 |   1265 |   1 | 1800.0 |
        Bailey |    673 |    673 |      0 |      0 |    442 |   1 |  673.0 |
               +--------+--------+--------+--------+--------+-----+--------+

Top non-repeatable levels by time:
 Ossuary: 1800 daAuts
     D:5: 1612 daAuts
     D:3: 1533 daAuts
     D:4: 1517 daAuts
     D:8: 1459 daAuts
     D:7: 1411 daAuts
     D:6: 1261 daAuts
     D:2: 1234 daAuts
     D:1: 1153 daAuts
  Bailey: 673 daAuts
     D:9: 552 daAuts
    D:10: 527 daAuts
   Sewer: 379 daAuts
  Temple: 345 daAuts
